[Event "Czech Championship Women 2022"]
[Site "Jaromerice nad Rokytnou"]
[Date "2022.05.28"]
[Round "8.3"]
[White "Novosadova, Kristyna"]
[Black "Nemcova, Karin"]
[Result "1-0"]
[ECO "B01"]
[WhiteElo "2147"]
[BlackElo "2181"]
[Annotator "TA"]
[PlyCount "69"]
[EventDate "2022.05.24"]
[EventType "tourn"]
[EventCountry "CZE"]
[SourceTitle "playchess.com"]
[Source "ChessBase"]
[SourceQuality "1"]
[TimeControl "40/5400+30:1800+30"]

1. e4 d5 2. exd5 Qxd5 3. Nc3 Qa5 4. d4 Nf6 5. Bd2 Bg4 6. Nf3 e6 {[%emt 0:01:52] B01: Scandinavian Defence.} 7. h3 Bxf3 8. Qxf3 (8. gxf3 Qb6 $15) 8... Nc6 {[%emt 0:04:52] [#] White is better.} 9. Nb5 $146 (9. Ne4 $1 $16 Qb6 10. Nxf6+ gxf6 11. O-O-O) ({Predecessor:} 9. Bc4 a6 10. Nd5 Bb4 11. Nxb4 Nxb4 12. Qxb7 Rd8 13. Qxb4 {1-0 (13) Norkeliunas,S-Griksaite,E (1235) Vilnius 2018}) 9... Qb6 $1 $11 {[%emt 0:01:11] ...a6 is the strong threat.} 10. a4 $2 (10. c4 $1 $11 Bb4 11. Bxb4 Nxb4 12. Qb3) 10... a5 $2 ({Don't play} 10... Nxd4 11. Nxd4 Qxd4 12. Bb5+ (12. Qxb7 Qe4+ 13. Qxe4 Nxe4 $18) 12... Ke7 13. Qxb7 Qe4+ 14. Qxe4 Nxe4 15. Bc6 Nxd2 16. Bxa8 $18) (10... a6 $19 11. Nc3 Nxd4) 11. O-O-O {[%emt 0:04:23] White is more active.} Nb4 12. c4 (12. c3 $14) 12... c6 13. c5 $36 {[%emt 0:01:20][%mdl 2048] White is pushing.} Qd8 14. Bf4 $2 cxb5 $19 15. Qxb7 Be7 {[%emt 0:00:19] Hoping for ...0-0.} 16. Bxb5+ Kf8 17. Bc7 (17. Kb1 {was necessary.}) 17... Qd5 18. c6 Qb3 $4 19. Qxa8+ $18 Ne8 {[%emt 0:00:08][%csl Gb4][%cal Rb3c2] [#]} 20. Kd2 ({Stronger than} 20. Rd2 Na2+ 21. Kb1 Nc3+ 22. Kc1 Na2+ 23. Kb1 Nc3+ 24. Kc1 Na2+ $11) 20... Bg5+ (20... Qc2+ {is a better chance.} 21. Ke1 g6) 21. Ke2 {[%emt 0:11:52] White wants to mate with Bd6+.} Qc2+ 22. Ke1 {[%emt 0:00:31] aiming for Bd6+.} g6 23. Bxa5 Qe4+ 24. Kf1 Nd5 25. Be2 Kg7 26. Qa6 Nf4 27. Bf3 Qc2 28. Qb5 Nd5 29. Qc5 {[%emt 0:03:13] Inhibits Nd6.} Qxb2 (29... Qxa4 $142 30. c7 Nef6) 30. c7 Bh4 31. Be2 Nexc7 32. Bxc7 Nc3 33. Re1 {[%emt 0:03:19] Strongly threatening Be5+.} Ra8 34. Be5+ f6 35. Qe7+ {[%emt 0:00:33] Quite a comeback for White.  Weighted Error Value: White=0.53/Black=0.83} 1-0

[Event "Czech Championship Women 2022"]
[Site "Jaromerice nad Rokytnou"]
[Date "2022.05.28"]
[Round "8.4"]
[White "Koubova, Anna Marie"]
[Black "Zelbova, Lada"]
[Result "1/2-1/2"]
[ECO "E00"]
[WhiteElo "2115"]
[BlackElo "1967"]
[Annotator "TA"]
[PlyCount "89"]
[EventDate "2022.05.24"]
[EventType "tourn"]
[EventCountry "CZE"]
[SourceTitle "playchess.com"]
[Source "ChessBase"]
[SourceQuality "1"]
[TimeControl "40/5400+30:1800+30"]

1. d4 Nf6 2. c4 e6 3. g3 Bb4+ 4. Bd2 Qe7 5. Bg2 Nc6 6. e3 d5 {[%emt 0:03:25] E00: Catalan Bogo-Indian (3 g3 Bb4+).} 7. Nc3 (7. a3 $14 Bxd2+ 8. Nxd2) 7... Bxc3 8. Bxc3 dxc4 {[%emt 0:04:28] White is slightly better.} 9. Nf3 {[%emt 0:01:20] [#]} (9. Qa4 $16 Bd7 10. Qxc4) 9... O-O $146 ({Better is} 9... b5 $11) ({Predecessor:} 9... Ne4 10. Qa4 Nxc3 11. bxc3 O-O 12. Qxc4 e5 13. d5 Na5 14. Qb4 Qxb4 15. cxb4 Nc4 {1-0 (32) De Waard,M (2150)-Danielsen,M (2015) Ankara 2007}) 10. O-O (10. Qa4 $1 $14 {deserves consideration.}) 10... Bd7 11. Re1 Nd5 12. Rc1 b5 13. e4 (13. Bd2 $11 {keeps the balance.}) 13... Nxc3 $17 14. Rxc3 Nb4 15. a3 Nd3 16. Re2 (16. Rxd3 $17 {was worth a try.} cxd3 17. Qxd3) 16... e5 (16... c5 $19 17. a4 a6) 17. Nxe5 Nxe5 18. dxe5 Rad8 {[%emt 0:06:52] And now ...Bg4 would win.} 19. Rd2 {[%emt 0:02:45] [#]} Bg4 $1 20. f3 (20. Bf3 Rxd2) 20... Bc8 21. f4 {[%emt 0:01:34] [#]} Bg4 $1 22. Bf3 Bxf3 23. Rxf3 Rxd2 24. Qxd2 {[%emt 0:00:05][%mdl 4096] Endgame KQR-KQR} Rd8 25. Qe2 h6 26. Rf1 Qc5+ 27. Kg2 Rd3 28. Qg4 Rd2+ 29. Kh3 {[%emt 0:01:07] [#]} Qe7 $1 ({Much worse is} 29... Rxb2 $6 30. Rd1 Qe7 31. Rd7 $11) 30. Rd1 {[%emt 0:01:19] [#]} Rxd1 ({Reject} 30... Rxb2 $6 31. Rd7 Qe6 32. Rd8+ (32. Qxe6 fxe6 33. Rxc7 a5 $11) 32... Kh7 33. Qxe6 fxe6 34. f5 $11) ({Black should try} 30... Rd3 $1 $17 {[%cal Oh6h5] Strongly threatening ...h5!} 31. Rc1 Qe8) 31. Qxd1 {[%emt 0:00:10] KQ-KQ. The position is equal.} Kh7 32. Qd4 a6 33. Kg2 Kg8 34. Qd5 c3 35. bxc3 Qxa3 36. Qd8+ Kh7 {[%emt 0:00:31] Hoping for ...Qb2+.} 37. Qxc7 Qb2+ 38. Kh3 {[%emt 0:00:21] Threatens to win with f5.} Qb3 39. Qa5 Qa4 40. Qc7 Qc4 41. Qa7 Qe6+ 42. Kg2 Qc4 43. Kh3 Qe6+ 44. f5 Qc4 45. Qxa6 {[%emt 0:04:17] And White is the lucky defender.  Weighted Error Value: White=0.19 (very precise) /Black=0.13 (very precise)} 1/2-1/2

[Event "Czech Championship Women 2022"]
[Site "Jaromerice nad Rokytnou"]
[Date "2022.05.28"]
[Round "8.5"]
[White "Trasakova, Adela"]
[Black "Richterova, Natasa"]
[Result "0-1"]
[ECO "E18"]
[WhiteElo "1842"]
[BlackElo "2181"]
[Annotator "TA"]
[PlyCount "88"]
[EventDate "2022.05.24"]
[EventType "tourn"]
[EventCountry "CZE"]
[SourceTitle "playchess.com"]
[Source "ChessBase"]
[SourceQuality "1"]
[TimeControl "40/5400+30:1800+30"]

1. d4 Nf6 2. Nf3 e6 3. g3 b6 4. Bg2 Bb7 5. O-O c5 6. dxc5 bxc5 7. c4 Be7 8. Nc3 O-O 9. Bf4 d6 10. Qb3 {[%emt 0:02:29] E18: Queen's Indian: Old Main Line (4 g3 Bb7 5 Bg2 Be7 6 0-0 0-0 7 Nc3).} Qc8 11. Rfd1 Rd8 12. Rd2 {[%emt 0:03:44] The position is equal.} Nc6 13. Rad1 Ne8 {[%emt 0:12:01] [#]} 14. e4 $146 ({Predecessor:} 14. Bg5 f6 15. Be3 Rb8 16. Qc2 Ba8 17. b3 a6 18. h4 f5 19. Ng5 Nb4 20. Qc1 Bxg2 21. Kxg2 {0-1 (50) Mueller,N (2160)-Noe,C (2231) Oberhof 2013}) 14... e5 15. Be3 Rb8 16. Nd5 {[%emt 0:03:14][%cal Of3e5] aiming for Nxe5!} Qe6 17. Qc3 Rdc8 18. b3 Bd8 19. Qd3 Nd4 20. Qf1 ({Of course not} 20. Nxd4 cxd4 21. Bxd4 exd4 22. Qxd4 Ba5 $17) 20... Bxd5 21. exd5 Nxf3+ (21... Qd7 $15) 22. Bxf3 $11 Qg6 23. Bg2 Ba5 24. Re2 f5 25. Bd2 (25. f3 $11) 25... Bxd2 $15 26. Rdxd2 Nf6 27. f4 e4 28. Qe1 Rb4 29. Re3 Ng4 30. Rc3 Qf6 (30... h5 $15) 31. Rcc2 ({White should play} 31. Re2 $11) 31... Rcb8 32. Qe2 (32. h3 $11 {remains equal.} Nh6 33. g4) 32... Qg6 $17 {[%emt 0:01:11] Black is more active.} 33. Rc3 a5 $36 {[%emt 0:01:54][%mdl 2048] Black is on the roll.} 34. Rb2 $2 {[%emt 0:01:03] [#] White does not recover from this.} (34. h3 $17 {might work better.} Nf6 35. Rdc2) 34... Qf6 $19 35. h3 $2 (35. Rc1) 35... Qxc3 {[%emt 0:00:16] Black is clearly winning.} 36. hxg4 Qxg3 37. gxf5 Qxf4 38. Rb1 Qxf5 39. Rf1 Qg6 40. Kh2 Rf8 41. Rxf8+ Kxf8 42. Bxe4 Qh6+ 43. Kg1 Qg5+ 44. Kh1 Rb7 {[%emt 0:01:24] Weighted Error Value: White=0.54/Black=0.16 (very precise)} 0-1

[Event "Czech Championship Women 2022"]
[Site "Jaromerice nad Rokytnou"]
[Date "2022.05.29"]
[Round "9.1"]
[White "Richterova, Natasa"]
[Black "Pilsova, Karolina"]
[Result "1-0"]
[ECO "D05"]
[WhiteElo "2181"]
[BlackElo "2229"]
[Annotator "TA"]
[PlyCount "119"]
[EventDate "2022.05.24"]
[EventType "tourn"]
[EventCountry "CZE"]
[SourceTitle "playchess.com"]
[Source "ChessBase"]
[SourceQuality "1"]
[TimeControl "40/5400+30:1800+30"]

1. d4 Nf6 2. Nf3 e6 3. e3 b6 4. Bd3 Bb7 5. Nbd2 d5 6. Qe2 Be7 7. O-O O-O 8. Ne5 c5 9. b3 Nc6 10. Nxc6 Bxc6 11. Bb2 Rc8 {[%emt 0:04:21] D05: Colle System with ...e6.} 12. Rad1 cxd4 {[%emt 0:05:47] [#]} 13. exd4 $146 ({Predecessor:} 13. Bxd4 Nd7 14. f4 Bf6 15. Qh5 g6 16. Qh6 Qe7 17. Rf3 Bxd4 18. exd4 Qf6 19. c3 {1-0 (44) Aronov,M (2254)-Heika,M (2335) Bayern 2012}) 13... Qc7 {[%emt 0:00:13] The position is equal.} 14. Rc1 Bb7 15. Rfe1 Bb4 (15... Ne4 {looks sharper.} 16. c4 Nxd2 17. Qxd2 dxc4 18. bxc4 h6) 16. c3 Bd6 17. g3 Qe7 18. Ba1 Rc7 19. f4 Qd7 20. Qf1 Qc8 21. Bb2 Qa8 22. Qf3 a5 23. a4 Ba6 24. Bb1 b5 25. axb5 Bxb5 26. c4 dxc4 27. Qxa8 Rxa8 28. bxc4 Bc6 29. Ne4 Bxe4 30. Bxe4 Rb8 31. Rc2 Nxe4 32. Rxe4 Rcb7 33. Ree2 Be7 34. Kg2 Bf6 35. c5 a4 36. c6 Rc7 (36... Rb3 {keeps more tension.} 37. c7 Rc8 38. d5 exd5 39. Re8+ Rxe8 40. c8=Q Rb8) 37. Rc4 (37. f5 $5) 37... Kf8 38. f5 Rbc8 39. fxe6 fxe6 ({Black should play} 39... Rxc6 $11 40. Ba3+ (40. Rxa4 fxe6 41. Ba3+ Kf7 $11) 40... Ke8 41. exf7+ (41. Rxa4 fxe6 42. Bc5 Kf7 $11) 41... Kxf7 42. Rxa4 Rc2) 40. Rxe6 $14 Kf7 {[%emt 0:00:31] [#]} 41. Rxf6+ gxf6 {[%emt 0:00:49][%mdl 4096] Endgame KRR-KRB} 42. d5 Rd8 43. Rc5 {[%emt 0:00:22][%mdl 1024] White has compensation.} Rb8 $2 (43... Re7 $11 44. Kf3 Ree8) 44. Ba3 {[%emt 0:00:53] Hoping for d6.} Rb3 45. Bc1 {[%emt 0:02:45] aiming for d6.} ({Not} 45. d6 Rxc6 $1 46. Rxc6 Rxa3 $11) 45... Rd3 46. Bf4 Rc8 47. d6 {[%emt 0:00:52] Black must now prevent d7.} Ke6 (47... a3 $142) 48. d7 $18 Ra8 49. Rb5 a3 {[%emt 0:01:51] Strongly threatening ...a2.} 50. c7 Rxd7 (50... Kxd7 $2 51. Rb8 Rc3 52. Rxa8 $18) 51. Rb8 Rxc7 52. Rxa8 {[%emt 0:00:06] KRB-KR} Rc2+ 53. Kh3 a2 54. g4 Kd5 {[%emt 0:01:31] [#]} 55. Bg3 (55. Bh6 $1 $18 ) 55... Ke4 $2 (55... Kc4 $16) 56. Ra4+ Kf3 $2 (56... Kd5 {was worth a try.} 57. Bh4 Ke5) 57. Bh4 h5 (57... Rd2 $142 58. Bxf6 Kf2) 58. gxh5 {[%emt 0:00:17] Intending h6 and mate.} f5 59. h6 Rc6 60. Bg5 {[%emt 0:00:08] Weighted Error Value: White=0.08 (flawless) /Black=0.43} 1-0

[Event "Czech Championship Women 2022"]
[Site "Jaromerice nad Rokytnou"]
[Date "2022.05.29"]
[Round "9.2"]
[White "Zelbova, Lada"]
[Black "Trasakova, Adela"]
[Result "1-0"]
[ECO "D02"]
[WhiteElo "1967"]
[BlackElo "1842"]
[Annotator "TA"]
[PlyCount "101"]
[EventDate "2022.05.24"]
[EventType "tourn"]
[EventCountry "CZE"]
[SourceTitle "playchess.com"]
[Source "ChessBase"]
[SourceQuality "1"]
[TimeControl "40/5400+30:1800+30"]

1. d4 d5 2. Nf3 Nf6 3. Bf4 c5 4. e3 Nc6 5. Nbd2 Qb6 6. dxc5 {[%emt 0:31:35] D02: 1 d4 d5 2 Nf3 sidelines, including 2...Nf6 3 g3 and 2...Nf6 3 Bf4.} Qxc5 ({Better is} 6... Qxb2 $11 7. c4 e6) 7. c3 Bf5 8. Be2 {[%emt 0:00:12] White is slightly better.} (8. Qb3 $5 Qb6 9. Bb5 $14) 8... e6 9. h3 {[%emt 0:06:59] [#]} h6 $146 ({Predecessor:} 9... Be7 10. O-O O-O 11. Rc1 Qb6 12. Qb3 Nd7 13. c4 Qxb3 14. Nxb3 dxc4 15. Bxc4 Nb6 {½-½ (37) Castro Castro,J (1493)-Montilla Reyes,J (2150) Medellin 2021}) 10. O-O Be7 11. Rc1 O-O 12. b4 Qb6 13. Qb3 a6 14. a3 Rfd8 ({Black should play} 14... a5) 15. c4 $11 Rac8 16. Rfd1 (16. c5 $5 Qa7 17. Nd4 $14) 16... Ne4 17. c5 Qa7 18. Nxe4 Bxe4 19. Ne5 f6 20. Nxc6 {[%emt 0:01:38] White is more active.} Rxc6 {[%emt 0:00:11] [#]} 21. Bd3 (21. f3 $1 $16 Bg6 22. e4) 21... Bxd3 22. Qxd3 Kf7 $2 (22... b6 $1 $11) 23. Qh7 $18 {[%emt 0:05:25] aiming for Bxh6.} Kf8 $2 (23... f5) 24. Bd6 Rd7 (24... Bxd6 $142 25. Qh8+ (25. cxd6 Rdxd6 26. a4 Qb6 $17) 25... Kf7 26. Qxd8 Be7) 25. Bxe7+ Rxe7 26. e4 (26. Rd4 $142) 26... Kf7 27. exd5 exd5 28. Qf5 Qb8 29. Qxd5+ Kg6 (29... Rce6 $16 {might work better.} 30. g4 (30. Re1 Qc8 $16) 30... Qc8) 30. Qd3+ Kf7 31. Qd5+ Kg6 $1 32. Qd3+ Kf7 $1 33. Qc4+ Kg6 34. Rc3 f5 (34... Rce6 {is a better defense.} 35. g3 Qc7) 35. Rg3+ Kh7 36. Qd3 Qf8 37. Rf3 g6 (37... Rf6 $142 38. Re3 Qf7 39. Rxe7 Qxe7) 38. Re3 Rf7 39. Rde1 Rcc7 40. Re8 Qg7 41. R8e6 Rfd7 42. Rd6 Rxd6 $2 {[%emt 0:01:49] [#]} (42... Re7 43. Rxe7 Qxe7) 43. cxd6 {[%emt 0:01:28][%mdl 4096] Endgame KQR-KQR} ({Weaker is} 43. Qxd6 h5 44. g3 Rd7 $16) 43... Rd7 44. Re6 Qf7 45. Qe3 (45. Qe2 $142 f4 46. Re7) 45... Kg7 46. Qe5+ Kh7 47. h4 f4 48. Re8 g5 49. hxg5 hxg5 50. Qh8+ (50. Rh8+ $142 Kg6 51. Qe4+ Kg7 52. Rh7+ Kf6 53. Rxf7+ Rxf7 54. Qe8 b6 55. d7 Rxd7 56. Qxd7) 50... Kg6 51. Rg8+ {[%emt 0:00:19] Weighted Error Value: White=0.31/Black=0.41} 1-0

[Event "Czech Championship Women 2022"]
[Site "Jaromerice nad Rokytnou"]
[Date "2022.05.29"]
[Round "9.3"]
[White "Nemcova, Karin"]
[Black "Koubova, Anna Marie"]
[Result "1-0"]
[ECO "C10"]
[WhiteElo "2181"]
[BlackElo "2115"]
[Annotator "TA"]
[PlyCount "151"]
[EventDate "2022.05.24"]
[EventType "tourn"]
[EventCountry "CZE"]
[SourceTitle "playchess.com"]
[Source "ChessBase"]
[SourceQuality "1"]
[TimeControl "40/5400+30:1800+30"]

1. e4 e6 2. d4 d5 3. Nc3 Nc6 4. Nf3 Nf6 5. e5 Ne4 6. Ne2 f6 7. Ng3 {[%emt 0:00:23] C10: French with 3 Nc3: Unusual Black 3rd moves and 3...dxe4.} fxe5 8. dxe5 Be7 9. Nxe4 {[%emt 0:03:28] The position is equal.} dxe4 10. Qxd8+ Bxd8 11. Ng5 {[%emt 0:00:36] [#]} Nxe5 $146 (11... Nd4 $142 12. Kd1 Bxg5 13. Bxg5 O-O) ({Predecessor:} 11... Nd4 12. Kd1 Bxg5 13. Bxg5 O-O 14. Kd2 Bd7 15. Rd1 Nc6 16. Ke3 Nxe5 17. h3 Bc6 {½-½ (73) Fitzsimons,D (2334)-Eggleston,T (2175) Newcastle 2021}) 12. Nxe4 O-O 13. Bd2 b6 14. Bc3 Bb7 15. Ng3 Ng4 16. Bc4 Bd5 (16... Nxf2 $2 17. Bxe6+ Kh8 18. O-O $18) 17. Bxd5 exd5 18. O-O Bg5 19. h3 Nf6 (19... Nh6 $11) 20. f4 $1 $14 Bh6 21. Nf5 Ne4 22. Ne7+ Kh8 23. Be5 Ng3 24. Rf2 (24. Nxd5 Nxf1 25. Rxf1 Rf7 $11) (24. Rfe1 $14) 24... Bxf4 25. Bxf4 Rxf4 26. Nxd5 (26. Ng6+ $2 hxg6 27. Rxf4 Ne2+ 28. Kh2 Nxf4 $19) 26... Rc4 27. Re1 c6 28. Nc3 (28. Ne7 $16) 28... Nh5 (28... h5 $1 $11 {keeps the balance.}) 29. Rf7 $16 Kg8 30. Rc7 {[%emt 0:05:53] White is more active.} Rc5 31. Ree7 $36 {[%emt 0:02:30][%mdl 2048] White is on the roll.} Rg5 32. Ne4 (32. Rxc6 $6 Nf4 $11) (32. Ne2 $16) 32... Rg6 $1 $14 33. g4 Nf4 34. Kh2 Nd5 (34... Rf8 $11) 35. Rxa7 $16 Rxa7 36. Rxa7 {[%emt 0:00:14][%mdl 4096] Endgame KRN-KRN} h6 37. Kg3 Re6 38. Kf3 Re8 39. c4 Rf8+ 40. Kg3 Nf6 (40... Ne3 $16) 41. Nxf6+ $18 Rxf6 {[%emt 0:30:08] KR-KR} 42. b4 {[%emt 0:00:23] And now Ra6 would win.} ({Resist} 42. Rb7 $6 c5 43. h4 Kf8 $18) 42... Rd6 43. Ra6 Rd4 44. Rxb6 Rxc4 45. Kf3 Rc3+ $2 (45... Kf8 {was necessary.} 46. Ke3 Ke7 47. Rb7+ Kd6 48. Rxg7 Rc3+ 49. Kd4 Rxh3) 46. Ke4 Ra3 $2 (46... Rxh3 47. Rxc6 Ra3) 47. Rxc6 Rxa2 48. Kf5 Kh7 49. h4 g6+ 50. Kf4 {[%emt 0:03:06] Hoping for b5.} Rh2 51. Rc7+ Kg8 52. Kg3 Rb2 53. Rb7 g5 $2 (53... Kf8 54. Kf4 Ke8) 54. hxg5 hxg5 {[%emt 0:00:06] [#]} 55. Kf3 $1 Kf8 56. Rb5 Kf7 57. Ke4 Ke6 58. Rb6+ Kd7 59. b5 Rf2 {[%emt 0:00:00] [#]} 60. Ke5 $1 Rf4 61. Rd6+ Kc7 62. Rd4 Rf1 63. Ke6 Rf4 64. Ke5 ({Wrong is} 64. Rxf4 $2 gxf4 65. g5 f3 66. g6 f2 67. Ke7 f1=Q 68. g7 Qe2+ 69. Kf7 Qh5+ 70. Kf6 Qg4 71. b6+ Kxb6 72. Kf7 Qf5+ 73. Ke8 Qg6+ 74. Kf8 Qf6+ 75. Kg8 Kc6 76. Kh7 Qf5+ 77. Kh6 Qg4 78. g8=B Qxg8 79. Kh5 Kd5 80. Kh6 Ke4 81. Kh5 Kf5 82. Kh6 Qh8#) 64... Rf1 $1 65. Rc4+ Kb7 66. Kd5 Rd1+ 67. Kc5 Rg1 68. Rd4 Rg2 69. Re4 Rg1 70. Re7+ Kc8 71. Re4 (71. Kc6 $142 Rc1+ 72. Kd5) 71... Kb7 $1 72. Kd6 {[%emt 0:00:22] White is clearly winning.} ({Less strong is} 72. Re7+ Kc8 $16) 72... Kb6 73. Ke6 Kxb5 74. Kf5 Kc5 75. Kxg5 Kd5 76. Re8 {[%emt 0:00:14] Weighted Error Value: White=0.30/Black=0.26 (precise)} 1-0

[Event "Czech Championship Women 2022"]
[Site "Jaromerice nad Rokytnou"]
[Date "2022.05.29"]
[Round "9.4"]
[White "Petrova, Kristyna"]
[Black "Novosadova, Kristyna"]
[Result "0-1"]
[ECO "D02"]
[WhiteElo "2264"]
[BlackElo "2147"]
[Annotator "TA"]
[PlyCount "285"]
[EventDate "2022.05.24"]
[EventType "tourn"]
[EventCountry "CZE"]
[SourceTitle "playchess.com"]
[Source "ChessBase"]
[SourceQuality "1"]
[TimeControl "40/5400+30:1800+30"]

1. d4 d5 2. Bf4 Nf6 3. e3 c5 4. c3 Nc6 5. Nf3 Qb6 6. Qb3 c4 7. Qc2 g6 8. h3 Bf5 9. Qc1 h5 10. Be2 Bg7 11. Nbd2 Rc8 12. Ne5 Ne4 13. Nxc6 Rxc6 14. Nxe4 Bxe4 15. f3 Bf5 16. Bd1 Qa5 17. Bc2 Bxc2 18. Qxc2 b5 19. O-O O-O 20. e4 b4 21. exd5 Qxd5 22. Qe4 Qxe4 23. fxe4 Rb6 24. Rf2 e5 25. Bxe5 Bxe5 26. dxe5 bxc3 27. bxc3 Re8 28. Rd1 Rb7 29. Rd4 Rc7 30. Rd5 Kg7 31. Rb2 Re6 (31... Rce7 $11) 32. Rb4 (32. a4 $16) 32... f6 (32... Rce7 $11 {remains equal.}) 33. exf6+ $16 Kxf6 34. Rd4 Rec6 35. Kf2 Rc5 36. Kf3 h4 37. Rd6+ Kg5 (37... Kg7 {might work better.} 38. Kg4 Re5) 38. Ke3 $18 Re7 39. Rd4 Kh5 (39... Kf6 $142 40. Rdxc4 (40. Rbxc4 Rg5 $16) 40... Rg5) 40. Rbxc4 $18 Rg5 41. Kf2 Rf7+ 42. Kg1 Rg3 43. e5 g5 44. e6 Rb7 (44... Re7 {was necessary.} 45. Re4 Kg6) 45. Rb4 $2 (45. Rg4 $1 $18) 45... Re7 $16 46. Re4 Rxc3 47. Rb5 Rg3 48. Rf5 Kg6 49. Ree5 Rxe6 50. Rxg5+ $1 Rxg5 51. Rxe6+ Kh5 52. Ra6 Rg7 53. Ra5+ Kh6 (53... Kg6 $16 {was worth a try.} 54. Ra4 Kh5 55. Ra5+ Kh6) 54. Ra4 (54. g4 $1 $18) 54... Kh5 $16 55. Kf2 Rf7+ 56. Ke3 Re7+ 57. Kf3 Rf7+ 58. Rf4 $1 Rg7 59. Rf5+ Kh6 60. a4 Rg3+ 61. Kf2 Rg7 62. Rf8 Rg6 63. Rh8+ Kg5 64. Rh7 a6 (64... Ra6 $16) 65. Kf3 (65. Rd7 $18 {and White stays clearly on top.}) 65... Rf6+ $16 66. Ke3 Rg6 $2 (66... Rf5 $16) 67. Rh8 Rb6 68. Rg8+ Kh5 69. Rg4 (69. Rd8 $18 {is more deadly.}) 69... Rd6 (69... Rb3+ $16 {is a better defense.} 70. Ke2 Rc3) 70. Rc4 ({White should try} 70. Re4 $18) 70... Rg6 (70... Rd5 $1 $14) 71. Rc5+ Kh6 72. Rc2 a5 (72... Rg3+ $142 73. Kf4 Kg6) 73. Kf3 $18 Rg3+ 74. Kf2 Rg5 75. Rc6+ Kh5 76. Rb6 Re5 77. Kf3 (77. Rb5 Rxb5 78. axb5 a4 $18) 77... Kg5 78. Rb5 Rxb5 79. axb5 a4 80. b6 a3 81. b7 a2 82. b8=Q a1=Q 83. Qf4+ Kg6 84. Qg4+ Kf7 85. Qh5+ Kg7 86. Qg5+ (86. Qxh4 Qf1+ 87. Qf2 Qd3+ 88. Qe3 Qf5+ 89. Qf4 Qd5+ 90. Kg3 Kh8 $18) 86... Kf7 87. Kg4 $2 (87. Qxh4 Qd1+ 88. Kf2 Qd2+ 89. Kg1 Kg7 90. Qg3+ Kh7 $18) (87. Qf5+ $18 Ke7 88. Qh7+ Kf8 89. Qxh4) 87... Qe1 $2 (87... Qd4+ $1 $11 88. Qf4+ Qxf4+ 89. Kxf4 Kg6 90. Kg4 Kh6 91. Kxh4 Kg7 92. Kg5 Kg8) 88. Qh5+ (88. Qxh4 Qe4+ 89. Kg3 Qe1+ 90. Kg4 Qe4+ 91. Kg5 (91. Kg3 Qe1+ 92. Kg4 $11) 91... Qe5+ 92. Kg4 Qe4+ $11) 88... Kg7 89. Qg5+ (89. Qxh4 Qe4+ 90. Kg5 (90. Kg3 Qe1+ 91. Kg4 Qe4+ 92. Kg5 Qe5+ 93. Kg4 Qe4+ $11) 90... Qe5+ 91. Kg4 Qe4+ 92. Kg5 (92. Kg3 Qe1+ 93. Kg4 Qe4+ $11) 92... Qe5+ 93. Kg4 Qe4+ $11) 89... Kf7 90. Qf4+ ({Weaker is} 90. Qxh4 Qe4+ 91. Kg3 Qe1+ 92. Kg4 Qe4+ 93. Kg5 (93. Kg3 Qe1+ 94. Kg4 $11) 93... Qe5+ 94. Kg4 Qe4+ $11) 90... Kg6 91. Qf5+ Kg7 92. Kh5 Kh8 93. Qf6+ Kh7 94. Qxh4 Qe6 95. Kg5+ Kg7 96. Qd4+ Kh7 97. Kf4 Qh6+ 98. Kf3 Qh5+ 99. Qg4 Qf7+ 100. Qf4 Qb3+ 101. Kg4 Qg8+ 102. Qg5 $1 Qb3 103. h4 Qd1+ 104. Kh3 $1 Qh1+ 105. Kg3 Qe1+ 106. Kh2 $1 Qb4 107. h5 Qb8+ 108. Kh3 Qc8+ 109. Qg4 Qc3+ 110. g3 Qe1 111. Qf5+ Kh8 112. Qf3 Qe6+ 113. Qg4 Qf6 114. Qf4 Qe6+ 115. g4 Qe1 116. Qd4+ Kh7 {[%emt 0:00:09] [#]} 117. Qd3+ $1 Kh8 118. Qf3 Qd2 119. Qg3 Qd1 120. Qe5+ Kh7 121. Qe4+ Kh8 122. Kh4 Qd2 $2 (122... Qd6 123. g5 Qh2+ 124. Kg4 Qg1+ 125. Kh4 Qh2+ 126. Kg4 Qg1+ 127. Kh4 Qf2+ 128. Kh3 Qf1+ 129. Kh4 Qf2+ 130. Kh3 Qf1+ 131. Kg4 Qg1+) 123. g5 $2 ({Only move:} 123. Qe5+ $18 Kh7 124. Qf5+ Kh8 125. Qf6+ Kh7 126. Qe5) 123... Qh2+ 124. Kg4 Qg1+ $1 125. Kf5 Qf2+ 126. Qf4 (126. Ke5 $1 $14 Qc5+ 127. Qd5 Qe7+ 128. Kd4) 126... Qc2+ $11 127. Kg4 Qg2+ 128. Kf5 Qc2+ $1 129. Ke6 Qc8+ 130. Ke7 Qc5+ 131. Kd7 Qd5+ 132. Ke7 Qc5+ 133. Ke6 Qc8+ $1 134. Kd5 Qb7+ 135. Kd4 Qb2+ 136. Kd3 Qb1+ ({Black should play} 136... Qb3+ $11 137. Kd2 Qd5+ 138. Ke3 Qb3+ 139. Ke2 Qe6+ 140. Kf2 Kg8 141. Qb8+ Kg7 142. Qa7+ Kg8 143. Qb8+ Kh7 144. Qb7+ Kg8 145. Qb8+) 137. Ke2 $1 $14 Qc2+ (137... Qb5+ $1 $11 138. Kf2 Qc5+ 139. Qe3 Qc4) 138. Ke1 $1 $14 Qc3+ 139. Kf2 Qc2+ $2 (139... Kg7 $14 140. Qe3 Qc4) 140. Kg3 $18 Qc3+ {[%emt 0:00:06] [#]} 141. Kg4 $1 ({But not} 141. Qf3 Qe5+ 142. Kh4 Qe1+ 143. Kh3 Qe6+ 144. Kh4 Qe1+ 145. Kh3 Qe6+ 146. Kg3 Qe5+ 147. Kg4 Qe6+ 148. Kh4 Qe1+ $18) 141... Qc8+ 142. Kh4 Qb7 $2 (142... Qe8 $18 143. Qd4+ Kh7) 143. Qf8+ 0-1